 Dungeon Crawl Stone Soup version 0.25.1-2-g60ff931df9 (webtiles) character file.

Game seed: 3020370634320240839

43495 soggyman666 the Protected (level 13, -1/177 HPs)
             Began as a Minotaur Fighter on Nov 5, 2020.
             Was the Champion of Trog.
             Slain by a killer bee (7 damage)
             ... on level 1 of the Lair of Beasts.
             The game lasted 00:59:10 (16257 turns).

soggyman666 the Protected (Minotaur Fighter)       Turns: 16257, Time: 00:59:12

Health: -1/177     AC: 22    Str: 32    XL:     13   Next: 91%
Magic:  19/19      EV:  8    Int:  5    God:    Trog [******]
Gold:   924        SH: 15    Dex: 10    Spells: 12/12 levels left

rFire    . . .     SeeInvis .   R - +8 whip "Snakebite" {curare, rPois}
rCold    . . .     Gourm    .   c - +1 kite shield
rNeg     + . .     Faith    .   g - +0 plate armour
rPois    +         Spirit   .   (helmet restricted)
rElec    .         Reflect  .   s - +1 cloak {rCorr}
rCorr    +         Harm     .   t - +0 pair of gloves
MR       +++..     Clarity  +   D - +1 pair of boots
Stlth    ..........             J - amulet of the Four Winds {rN+ MR+++ Clar}
HPRegen  0.39/turn              m - +6 ring of strength
MPRegen  0.16/turn              q - ring of resist corrosion

@: berserking, lethally poisoned (-1 -> -7), studying Staves, very quick
A: retaliatory headbutt, horns 2
a: Berserk, Trog's Hand, Brothers in Arms, Renounce Religion


You were on level 1 of the Lair of Beasts.
You worshipped Trog.
Trog was exalted by your worship.
You were very hungry.

You visited 3 branches of the dungeon, and saw 15 of its levels.

You collected 924 gold pieces.

Inventory:

Hand Weapons
 a - a +0 war axe
 u - the +9 spear of Huzuosirph {vorpal, +Blink MR+ Int-2 Dex+4}
   (You found it on level 4 of the Dungeon)

   It inflicts extra damage upon your enemies.
   It affects your intelligence (-2).
   It affects your dexterity (+4).
   It affects your resistance to hostile enchantments.
   It lets you blink.
 O - a +9 antimagic trident
 R - the +8 whip "Snakebite" (weapon) {curare, rPois}
   (You found it on level 13 of the Dungeon)

   It poisons the flesh of those it strikes.
   It protects you from poison.
Armour
 c - a +1 kite shield (worn)
 g - a +0 plate armour (worn)
 s - a +1 cloak of preservation (worn)
 t - a +0 pair of gloves (worn)
 D - a +1 pair of boots (worn)
 F - a scarf of invisibility
Jewellery
 m - a +6 ring of strength (left hand)
 q - a ring of resist corrosion (right hand)
 B - an uncursed ring of see invisible
 G - an uncursed ring of ice
 I - an uncursed ring of protection from fire
 J - the amulet of the Four Winds (around neck) {rN+ MR+++ Clar}
   (You found it on level 10 of the Dungeon)

   [amulet of nothing]

   It protects you from negative energy.
   It affects your resistance to hostile enchantments.
   It protects you against confusion.
Wands
 n - a wand of enslavement (7)
 o - a wand of random effects (10)
 w - a wand of flame (26)
 y - a wand of paralysis (6)
 A - a wand of disintegration (11)
Scrolls
 i - 11 scrolls of teleportation
 p - 6 scrolls of enchant armour
 v - 4 scrolls of remove curse
 x - 3 scrolls of magic mapping
 E - a scroll of enchant weapon
 H - a scroll of torment {unknown}
 L - a scroll of immolation {unknown}
 N - a scroll of vulnerability {unknown}
 P - a scroll of blinking {unknown}
 Q - 2 scrolls of fog
Potions
 b - 2 potions of invisibility
 d - 2 potions of might
 e - 3 potions of cancellation
 h - a potion of heal wounds
 j - 9 potions of curing
 k - 5 potions of flight
 l - 6 potions of haste
 r - 3 potions of stabbing
 K - a potion of resistance {unknown}
 M - a potion of brilliance {unknown}
Books
 z - a manual of Staves
Comestibles
 f - 26 rations


   Skills:
 + Level 12.0 Fighting
 + Level 8.0(11.5) Axes
 + Level 1.7(5.3) Maces & Flails
 + Level 12.9(13.7) Polearms
 + Level 13.3 Armour
 + Level 1.9 Dodging
 + Level 1.4 Stealth
 + Level 12.3 Shields
 * Level 9.7 Evocations


You had 12 spell levels left.
You didn't know any spells.
Your spell library contained the following spells:

 Spells                   Type           Power        Failure   Level  Hunger
 Magic Dart               Conj           #...         99%         1    ##.....
 Blink                    Tloc           N/A          99%         2    ###....
 Call Imp                 Summ           #.......     99%         2    ###....
 Slow                     Hex            #.......     99%         2    ###....
 Conjure Flame            Conj/Fire      #.......     100%        3    ####...
 Mephitic Cloud           Conj/Pois/Air  #.......     100%        3    ####...


Dungeon Overview and Level Annotations

Branches:
Dungeon (13/15)            Temple (1/1) D:5            Lair (1/6) D:8
    Orc (0/2) D:9          Vaults (0/5) D:13

Altars:
Ashenzari
Cheibriados
Dithmenos
Elyvilon
Fedhas
Gozag
Hepliaklqana
Kikubaaqudgha
Makhleb
Nemelex Xobeh
Okawaru
Qazlal
Ru
Sif Muna
Trog
Uskayaw
Vehumet
Wu Jian
Xom
Yredelemnul
Zin
The Shining One

Shops:
D:6 (


Innate Abilities, Weirdness & Mutations

You reflexively headbutt those who attack you in melee.
You have a pair of horns on your head.


Message History

* * * LOW HITPOINT WARNING * * *
The killer bee stings you but does no damage.
The killer bee stings you!
* * * LOW HITPOINT WARNING * * *
You block the killer bee's attack. The killer bee stings you.
* * * LOW HITPOINT WARNING * * *
The queen bee closely misses you.
A red film seems to cover your vision as you go berserk!
You feel yourself moving faster!
You feel mighty!
You are feeling very hungry.
You feel sick. You block the killer bee's attack. The killer bee stings you.
* * * LOW HITPOINT WARNING * * *
The killer bee stings you but does no damage.
You block the killer bee's attack. x2
The killer bee stings you but does no damage.
The killer bee closely misses you. x2
The killer bee stings you but does no damage.
You block the killer bee's attack. The killer bee misses you.
The killer bee stings you!
You die...

#.........# #......
##.........# ####.#.
##..........# ####
##...........# . #
##.....#......# %. ##
##....##.......#.#######
.##
##..:.#............##...#
..###....####..†y†...#
##..## ........##
#...y@y...# ##..# #
....÷.### ###.yyy..##
##.#### ...^..## #.#..$##
#..P.. .......# #####.#
#..... .......# ##
##..... ......##
###...... ......#
#........ .....##
##..^..... .....#
##.........


You could see a queen bee and 5 killer bees.

Vanquished Creatures
  A tengu reaver (D:13)
  Josephine (D:11)
  A hydra (D:13)
  A rakshasa (D:13)
  Fannar (D:11)
  2 vault guards (D:13)
  4 two-headed ogres
  2 wizards (D:13)
  The ghost of bpung the Shield-Bearer, a novice GrFi of Makhleb (D:6)
  An orc knight (D:13)
  Pikel (D:9)
  The ghost of Snicker the Thaumaturge, a novice DEIE (D:7)
  A necromancer (D:13)
  The ghost of barney the Transmogrifier, a novice DrTm of Cheibriados (D:5)
  4 cyclopes
  8 ugly things
  An oklob plant (D:2)
  A manticore (D:13)
  A komodo dragon (D:12)
  A kobold demonologist (D:6)
  4 spiny frogs (Lair:1)
  A queen bee (D:7)
  3 trolls
  A merfolk (shapeshifter) (D:13)
  5 blink frogs (Lair:1)
  3 hippogriffs
  13 slime creatures
  9 spriggans (D:8)
  2 shadows
  4 water elementals (D:13)
  2 wyverns
  5 wraiths (D:11)
  18 yaks
  Eustachio (D:6)
  19 humans (D:13)
  4 hungry ghosts
  8 wargs
  3 vampire mosquitoes (D:13)
  2 porcupines (Lair:1)
  A water moccasin (Lair:1)
  4 ice beasts
  6 orc warriors
  An acid dragon (D:12)
  A black bear (D:6)
  3 sky beasts
  2 slaves (D:9)
  3 phantoms
  A necrophage (D:11)
  10 ogres
  3 centaurs
  4 crocodiles
  12 big kobolds
  8 bullfrogs
  A gnoll sergeant (D:8)
  6 scorpions
  28 killer bees
  9 wights
  An electric eel (D:13)
  2 howler monkeys
  2 centaur zombies
  7 crimson imps
  2 bullfrog zombies
  A jelly (D:10)
  A quasit (D:12)
  4 hounds
  Crazy Yiuf (D:3)
  6 bullfrog skeletons
  2 centaur skeletons
  8 orc priests
  15 orc wizards
  An iguana (D:5)
  8 worker ants
  A bullfrog simulacrum (D:5)
  2 hound zombies
  A hound skeleton (D:6)
  A worker ant zombie (D:5)
  7 gnolls (D:4)
  5 adders
  A howler monkey skeleton (D:8)
  2 hound simulacra (D:5)
  3 shadow imps
  2 worker ant simulacra (D:5)
  4 oozes
  An adder zombie (D:8)
  3 adder skeletons
  A worm (D:2)
  2 dart slugs
  An adder simulacrum (D:5)
  8 leopard geckos
  30 orcs
  A ball python (D:3)
  5 bat zombies (D:8)
  7 giant cockroaches
  7 goblins
  3 hobgoblins
  13 jackals
  22 kobolds
  4 quokkas
  6 frilled lizards
  A jackal zombie (D:7)
  2 leopard gecko skeletons
  A quokka skeleton (D:6)
  A quokka zombie (D:5)
  6 rats
  8 fungi (D:2)
  8 plants (D:2)
476 creatures vanquished.

Vanquished Creatures (others)
  A wizard (D:9)
  A centaur (D:9)
  An orc wizard (D:9)
  2 orcs (D:9)
  2 fungi (D:6)
  2 plants (D:6)
9 creatures vanquished.

Grand Total: 485 creatures vanquished

Notes
Turn   | Place    | Note
-------+----------+-------------------------------------------
     0 | D:1      | soggyman666 the Minotaur Fighter began the quest for the
                  | Orb.
     0 | D:1      | Reached XP level 1. HP: 19/19 MP: 0/0
     2 | D:1      | Noticed a vine stalker
     4 | D:1      | Noticed a dwarf
     6 | D:1      | Noticed a felid
     6 | D:1      | Noticed a demonspawn
    10 | D:1      | Noticed an elf
    10 | D:1      | Noticed a minotaur
    12 | D:1      | Noticed a demigod
    12 | D:1      | Noticed a draconian
    14 | D:1      | Noticed an ogre
    14 | D:1      | Noticed an octopode
    16 | D:1      | Noticed a human
    16 | D:1      | Noticed a tengu
    18 | D:1      | Noticed a centaur
    18 | D:1      | Noticed a gargoyle
    20 | D:1      | Noticed a spriggan
    20 | D:1      | Noticed a halfling
    22 | D:1      | Noticed a vampire
    22 | D:1      | Noticed a formicid
    24 | D:1      | Noticed a merfolk
    24 | D:1      | Noticed a troll
    26 | D:1      | Noticed a ghoul
    26 | D:1      | Noticed a naga
   175 | D:1      | Reached XP level 2. HP: 27/27 MP: 1/1
  1031 | D:2      | Reached skill level 4 in Armour
  1382 | D:2      | Found a sparkling altar of Nemelex Xobeh.
  1435 | D:2      | Reached XP level 3. HP: 17/33 MP: 2/2
  1688 | D:2      | Found a blossoming altar of Fedhas.
  1709 | D:2      | Noticed an oklob plant
  1936 | D:2      | Noticed a bullfrog
  1947 | D:2      | Killed a bullfrog
  1947 | D:2      | Reached XP level 4. HP: 24/40 MP: 3/3
  2099 | D:3      | Reached skill level 5 in Armour
  2103 | D:3      | Reached XP level 5. HP: 28/46 MP: 4/4
  2457 | D:3      | Reached skill level 5 in Axes
  2702 | D:3      | Found a faded altar of an unknown god.
  3020 | D:3      | Found a runed translucent door.
  3021 | D:3      | Noticed Crazy Yiuf
  3212 | D:3      | Killed Crazy Yiuf
  3212 | D:3      | Reached XP level 6. HP: 53/53 MP: 5/5
  3445 | D:4      | Found a shimmering altar of Xom.
  3811 | D:4      | Reached XP level 7. HP: 43/60 MP: 6/6
  4173 | D:4      | Got a smoking spear
  4174 | D:4      | Identified the +9 spear of Huzuosirph {vorpal, +Blink MR+
                  | Int-2 Dex+4} (You found it on level 4 of the Dungeon)
  4202 | D:5      | Entered Level 5 of the Dungeon
  4241 | D:5      | Reached skill level 5 in Fighting
  4254 | D:5      | Found a staircase to the Ecumenical Temple.
  4270 | Temple   | Entered the Ecumenical Temple
  4331 | Temple   | Became a worshipper of Trog the Wrathful
  4556 | D:5      | Reached skill level 1 in Polearms
  4642 | D:5      | Found a runed translucent gate.
  4642 | D:5      | Found a runed translucent gate.
  4642 | D:5      | Found a runed translucent gate.
  4767 | D:5      | Noticed barney's ghost (novice DrTm)
  4799 | D:6      | Reached skill level 1 in Stealth
  4799 | D:6      | Reached skill level 5 in Shields
  4864 | D:6      | Found a runed translucent gate.
  4865 | D:6      | Found a runed translucent gate.
  4865 | D:6      | Found a runed translucent gate.
  4866 | D:6      | Noticed bpung's ghost (novice GrFi)
  4875 | D:6      | Reached XP level 8. HP: 69/69 MP: 7/7
  4916 | D:6      | Noticed Eustachio
  4927 | D:6      | Killed Eustachio
  4927 | D:6      | Reached skill level 6 in Armour
  4927 | D:6      | Reached skill level 1 in Evocations
  4992 | D:6      | Reached skill level 5 in Polearms
  5003 | D:6      | Found a shadowy altar of Dithmenos.
  5103 | D:6      | Reached * piety under Trog
  5226 | D:6      | Found Buaqih's Antique Weapon Emporium.
  5267 | D:6      | Noticed a kobold demonologist
  5540 | D:7      | Found a transporter.
  5540 | D:7      | Found a transporter.
  5541 | D:7      | Noticed Snicker's ghost (novice DEIE)
  5547 | D:7      | Noticed a queen bee
  5800 | D:7      | Reached XP level 9. HP: 75/75 MP: 10/10
  6258 | D:7      | Noticed a cyclops
  6258 | D:7      | Noticed a purple ugly thing
  6309 | D:7      | Noticed a cyclops
  6310 | D:7      | Killed a purple ugly thing
  6310 | D:7      | Reached skill level 7 in Armour
  6317 | D:7      | Killed a cyclops
  6335 | D:7      | Killed a cyclops
  6335 | D:7      | Reached skill level 1 in Dodging
  6668 | D:8      | Found a sacrificial altar of Ru.
  6672 | D:8      | Found a glowing golden altar of the Shining One.
  6889 | D:8      | Noticed a two-headed ogre
  6901 | D:8      | Killed a two-headed ogre
  6901 | D:8      | Reached XP level 10. HP: 67/84 MP: 12/12
  6980 | D:8      | Reached ** piety under Trog
  7017 | D:8      | Reached skill level 5 in Evocations
  7023 | D:8      | Reached skill level 10 in Polearms
  7044 | D:8      | Noticed a two-headed ogre
  7051 | D:8      | Reached skill level 8 in Armour
  7062 | D:8      | Killed a two-headed ogre
  7334 | D:8      | Found a staircase to the Lair.
  7374 | D:8      | Found an ancient bone altar of Kikubaaqudgha.
  7975 | D:9      | Reached skill level 9 in Armour
  8036 | D:9      | Reached XP level 11. HP: 94/94 MP: 14/14
  8041 | D:9      | Reached *** piety under Trog
  8388 | D:9      | Noticed Pikel
  8401 | D:9      | Killed Pikel
  8459 | D:9      | Found an ornate altar of the Wu Jian Council.
  8492 | D:9      | Found a staircase to the Orcish Mines.
  8821 | D:9      | Found a white marble altar of Elyvilon.
  8836 | D:9      | Found a bloodstained altar of Trog.
  8838 | D:9      | Noticed a wizard
  8845 | D:9      | Killed a wizard
  8939 | D:10     | Entered Level 10 of the Dungeon
  9018 | D:10     | Found a white marble altar of Elyvilon.
  9106 | D:10     | Found the amulet of the Four Winds {rN+ MR+++ Clar}
  9291 | D:10     | You fall into a shaft and drop 1 floor!
  9304 | D:11     | Reached skill level 10 in Armour
  9305 | D:11     | Noticed Josephine
  9314 | D:11     | Killed Josephine
  9568 | D:10     | Reached **** piety under Trog
  9807 | D:11     | Noticed Fannar
  9809 | D:11     | Noticed a green ugly thing
  9885 | D:10     | Reached skill level 11 in Armour
  9949 | D:10     | Killed a green ugly thing
 10315 | D:11     | Killed Fannar
 10315 | D:11     | Reached XP level 12. HP: 99/105 MP: 16/16
 10549 | D:11     | Reached skill level 10 in Shields
 10785 | D:11     | Found a shattered altar of Ashenzari.
 10901 | D:12     | Found a shimmering altar of Xom.
 10902 | D:12     | Found a shimmering altar of Xom.
 10916 | D:12     | Found a shimmering altar of Xom.
 10916 | D:12     | Found a shimmering altar of Xom.
 10916 | D:12     | Found a shimmering altar of Xom.
 10916 | D:12     | Found a shimmering altar of Xom.
 10916 | D:12     | Found a shimmering altar of Xom.
 10917 | D:12     | Found a shimmering altar of Xom.
 10918 | D:12     | Found a shimmering altar of Xom.
 10945 | D:12     | Reached ***** piety under Trog
 10983 | D:12     | Noticed a two-headed ogre
 10990 | D:12     | Killed a two-headed ogre
 10990 | D:12     | Reached skill level 10 in Fighting
 11333 | D:12     | Received a gift from Trog
 11956 | D:5      | Killed barney's ghost
 12007 | D:6      | Reached skill level 12 in Armour
 12033 | D:6      | Killed bpung's ghost
 12190 | D:7      | Killed Snicker's ghost
 13329 | D:13     | Reached XP level 13. HP: 112/115 MP: 18/18
 13732 | D:13     | Found a gate to the Vaults.
 14537 | D:13     | Noticed a tengu reaver
 14557 | D:13     | Killed a tengu reaver
 14557 | D:13     | Reached skill level 13 in Armour
 14601 | D:13     | Reached ****** piety under Trog
 14901 | D:13     | Found the +8 whip "Snakebite" {curare, rPois}
 15574 | Lair:1   | Entered Level 1 of the Lair of Beasts
 15586 | Lair:1   | Reached skill level 1 in Maces & Flails
 16241 | Lair:1   | Received a gift from Trog
 16255 | Lair:1   | HP: 4/118 [killer bee (5)]
 16257 | Lair:1   | Slain by a killer bee

Illustrated notes

Levels and vault maps discovered:
D:1:      kb_arrival_jail, layout_basic
D:2:      minmay_door_path, layout_basic, nemelex_altar_shiori, tgw_fedhas
D:3:      layout_loops_ring, chequers_ecumenical_altar_island, first_ration,
          uniq_crazy_yiuf_cottage
D:4:      layout_cave_pods, kennysheep_little_box,
          chequers_serial_rivers_micro_a, kennysheep_potato
D:5:      layout_cave_pools, minmay_temple_entry_wispy, gammafunk_ghost_icy,
          minmay_holes, patterned_corridor
D:6:      layout_loops_ring, grunt_dithmenos_smoke, serial_shops, shop,
          gammafunk_ghost_nasty_kobolds, uniq_eustachio
D:7:      minmay_chambers_of_sevens, layout_loops_corners, gammafunk_ghost_hive,
          grunt_ogre_cave, minmay_manual_monolith
D:8:      kb_forest_paths, layout_basic, grunt_temple_overflow_open,
          lemuel_zombie_altar_kikubaaqudgha, lair_entry_dummy,
          chequers_decorated_corner
D:9:      layout_cave_pools, nicolae_overflow_hidden_temple, marbit_many_paths,
          minmay_orc_entry_guard_dogs, trog_wizard, uniq_pikel
D:10:     layout_roguey, elyvilon_altar_5
D:11:     layout_long_grid, basic_altar, uniq_fannar, uniq_josephine
D:12:     layout_gridville, xom_shifter_show
D:13:     minmay_outward_triangles, layout_rooms, grunt_vaults_entry_tiered,
          minivault_14, nooodl_orcs_dogs
Temple:   dshaligram_water_room_temple
Lair:1:   layout_cave_pods, special_room [special_room_bee],
          chequers_serial_rivers_small_a

Skill      XL: |  1  2  3  4  5  6  7  8  9 10 11 12 13 |
---------------+----------------------------------------+-----
Armour         | 4 5 6 7 9 11 12 13 | 13.3
Fighting       | 4 5 6 7 9 10 12 | 12.0
Axes           | 3 4 5 6 7 8 |  8.0
Shields        | 4 5 6 7 9 11 12 | 12.3
Polearms       | 2 6 9 11 12 | 12.9
Stealth        | 1 |  1.4
Evocations     | 3 4 6 7 8 9 |  9.7
Dodging        | 1 |  1.9
Maces & Flails | 1 |  1.7

Action                   |  1- 3 |  4- 6 |  7- 9 | 10-12 | 13-15 || total
-------------------------+-------+-------+-------+-------+-------++-------
Melee: War axe           |   127 |   101 |    10 |       |    18 ||   256
       Headbutt          |    33 |    15 |    36 |   217 |    96 ||   397
       Spear             |       |       |   207 |   854 |   384 ||  1445
       Trident           |       |       |       |     6 |       ||     6
       Whip              |       |       |       |       |    19 ||    19
Invok: Berserk           |       |       |       |       |     1 ||     1
 Abil: Evoke Blink       |       |       |       |     1 |       ||     1
Evoke: Wand              |       |       |     4 |     2 |       ||     6
  Use: Scroll            |     3 |     3 |     9 |     6 |     3 ||    24
       Potion            |       |       |       |       |     2 ||     2
  Eat: Chunk             |     1 |     5 |    11 |    17 |     6 ||    40
       Ration            |     1 |       |       |     1 |     1 ||     3
Armor: Scale mail        |     6 |       |       |       |       ||     6
       Plate armour      |    27 |    36 |    50 |   166 |   185 ||   464
Dodge: Dodged            |     7 |    13 |    19 |    85 |    95 ||   219
Block: Kite shield       |    26 |    47 |    64 |   240 |   243 ||   620
